Unix NetHack Version 5.0.0-0 post-release - last build Jun 10 2026 00:39:30 (3ee93aec679c4c4259841fe613dc97188e26a321,branch:main).

Game began 2026-06-15 12:07:28, ended 2026-06-15 12:38:17.

GdeVolpiano, neutral female human Tourist

  ---
  |<..---                     -------
  |.....---                   |.....|
   -[.|....|.-                |.._..|
   --.|-.....--               |.....|
    ---  .......|---  -----   ---|---
          .|....|..--.-....-    |.|
             -..|...(|......--- |`|
              ..|.......).....---.--
              -......---.. ........-----
              |.......       ..........---
               ---....            -......--
                 |...-                -...|        .
                  ----               -....|@
                                    |.....%G
                                    -...G...
                                    ........
                                     ......-
                                     -...---

GdeVolpiano the Excursionist  St:15 Dx:11 Co:17 In:14 Wi:8 Ch:15  Neutral
Dlvl:6  $:45 HP:0(43) Pw:24(24) AC:4  Xp:6 T:5106 

Latest messages:
 You can see yourself!
 You are now wearing a mummy wrapping.
 What do you want to take off? [IP or ?*]
 You can no longer see yourself.
 You were wearing an uncursed +0 mummy wrapping.
 What do you want to wear? [IN or ?*]
 You are now wearing a hooded cloak.
 What do you want to use or apply? [knF or ?*]
 The gnomish wizard points all around, then curses.
 You hit the gnomish wizard!
 The air crackles around the gnomish wizard.
 You kill the gnomish wizard!
 O - an iridium wand.
 What do you want to write with? [- adMO or ?*]
 You write in the dust with your fingertip.
 What do you want to write with? [- adMO or ?*]
 The engraving on the floor vanishes!
 You write in the dust with an iridium wand.
 What do you want to zap? [O or ?*]
 In what direction?
 It gets angry!
 #
 What do you want to call? [knFM-P or ?*]
 The gnome swings wildly and misses!
 You kill the gnome!
 You see here a gnome corpse.
 The watchman wields a dagger!
 You miss the watchman.
 The watchman thrusts his dagger.
 The watchman hits!
 You hit the watchman!
 The watchman thrusts his dagger.
 The watchman hits!
 You hit the watchman!
 You miss the watchman.
 You hit the watchman!
 The watchman thrusts his dagger.
 The watchman hits!
 You miss the watchman.
 The gnome lord hits!
 The watchman thrusts his dagger.
 The watchman hits!
 You hit the gnome lord.
 The gnome lord hits!
 The watchman thrusts his dagger.
 The watchman hits!
 You hit the gnome lord!
 The gnome lord hits!
 You die...
 Do you want your possessions identified? [ynq] (y)

Inventory:
 Coins    ('$')
  $ - 45 gold pieces
 Weapons  (')')
  a - 27 +2 darts (at the ready)
  d - the rustproof +2 Trollsbane (weapon in left hand)
 Armor    ('[')
  P - an uncursed +0 orcish helm (being worn)
  N - an uncursed +0 dwarvish cloak (being worn)
  I - an uncursed +0 mummy wrapping
  w - an uncursed rusty +0 splint mail (being worn)
 Comestibles  ('%')
  f - 4 uncursed food rations
  g - an uncursed lembas wafer
  b - 3 uncursed tripe rations
  c - an uncursed egg
 Potions  ('!')
  h - 2 uncursed potions of extra healing
 Wands    ('/')
  O - a wand of cancellation (0:3)
 Tools    ('(')
  n - an uncursed sack containing 7 items
  F - an uncursed mirror
  k - an uncursed skeleton key
 Gems/Stones  ('*')
  M - an uncursed jet stone

Contents of the sack:
  1498 gold pieces
  2 uncursed worthless pieces of black glass
  2 uncursed worthless pieces of blue glass
  2 uncursed jade stones
  an uncursed worthless piece of green glass
  an uncursed worthless piece of red glass
  an uncursed worthless piece of white glass

GdeVolpiano the Tourist's attributes:

Background:
 You were an Excursionist, a level 6 female human Tourist.
 You were neutral, on a mission for The Lady
 who was opposed by Blind Io (lawful) and Offler (chaotic).
 You were left-handed.
 You were in the Gnomish Mines, on level 6.
 You entered the dungeon 5106 turns ago.
 There was a new moon in effect when your adventure ended.
 You had 595 experience points, 45 more were needed to attain level 7.

Basics:
 You had 0 out of 43 hit points.
 You had all 24 energy points (spell power).
 Your armor class was 4.
 Your wallet contained 45 zorkmids, and
 you had 1498 more stashed away in your pack.
 Autopickup was on for '$?!/="+' plus thrown, with exceptions.

Final Characteristics:
 Your strength was 15 (limit:18/100).
 Your dexterity was 11 (limit:18).
 Your constitution was 17 (limit:18).
 Your intelligence was 14 (limit:18).
 Your wisdom was 8 (limit:18).
 Your charisma was 15 (limit:18).

Final Status:
 You weren't hungry.
 You were unencumbered.
 You were wielding a morning star.
 You had basic skill with morning star.

Final Attributes:
 You were piously aligned.
 Your items were somewhat protected from fire.
 Your items were somewhat protected from cold.
 You were poison resistant.
 You were telepathic.
 You were invisible.
 You regenerated.
 You were warded.
 Your spell casting was impaired by metallic armor.
 You are dead.

Miscellaneous:
 You didn't encounter any bones levels.
 Total elapsed playing time was 30 minutes and 47 seconds.

Major events:
 Turn
    1: GdeVolpiano the neutral female human Tourist entered the dungeon
  751: attained the rank of Sightseer (level 3)
  767: entered the Gnomish Mines
 2967: was bestowed with Trollsbane by The Lady
 3563: attained the rank of Excursionist (level 6)
 4988: reached Mine Town
 5106: killed by a gnome lord

Spells:
 Name                 Level Category     Fail Retention
 haste self             3   escape       100%  76%-100%

Skills:
 Fighting Skills
   bare handed combat [Unskilled]
   two weapon combat  [Unskilled]
   riding             [Unskilled]
 Weapon Skills
   dagger             [Unskilled]
   knife              [Unskilled]
   axe                [Unskilled]
   pick-axe           [Unskilled]
   short sword        [Unskilled]
   broadsword         [Unskilled]
   long sword         [Unskilled]
   two-handed sword   [Unskilled]
   saber              [Unskilled]
   mace               [Unskilled]
   morning star       [Basic]
   flail              [Unskilled]
   hammer             [Unskilled]
   quarterstaff       [Unskilled]
   polearms           [Unskilled]
   spear              [Basic]
   trident            [Unskilled]
   lance              [Unskilled]
   bow                [Unskilled]
   sling              [Unskilled]
   crossbow           [Unskilled]
   dart               [Basic]
   shuriken           [Unskilled]
   boomerang          [Unskilled]
   whip               [Unskilled]
   unicorn horn       [Unskilled]
 Spellcasting Skills
   divination spells  [Unskilled]
   enchantment spells [Unskilled]
   escape spells      [Unskilled]

Voluntary challenges:
 Character rerolling was not enabled.
 You never genocided any monsters.
 You never polymorphed an object.
 You never changed form.
 You used no wishes.
Achievements:
 You attained the rank of Sightseer.
 You entered the Gnomish Mines.
 You attained the rank of Excursionist.
 You entered Minetown.
 You entered a temple.

 The Dungeons of Doom: levels 1 to 3
    Level 1:
       Some altars, a fountain, a grave.
    Level 2:
       Stairs down to The Gnomish Mines.
    Level 3:
 The Gnomish Mines: levels 3 to 6
    Level 3:
    Level 4:
    Level 5:
    Level 6: <- You were here.
       A temple and an altar.
       Final resting place for
          you, killed by a gnome lord.


Vanquished creatures:
  a rock mole
  3 shriekers
  5 gnome leaders
  a gnomish wizard
  a kobold mummy
  a little dog
  a floating eye
  8 dwarves
  a giant bat
  2 iguanas
  2 acid blobs
  2 coyotes
  a gas spore
  2 hobbits
  a hobgoblin
  3 giant rats
  a green mold
  a red mold
 25 gnomes
  3 geckos
 10 jackals
  2 foxes
  a kobold
  6 goblins
  a sewer rat
  4 grid bugs
  7 lichens
  a kobold zombie
 12 newts
109 creatures vanquished.

No species were genocided or became extinct.

Game over:
                       ----------
                      /          \
                     /    REST    \
                    /      IN      \
                   /     PEACE      \
                  /                  \
                  |   GdeVolpiano    |
                  |     1543 Au      |
                  |   killed by a    |
                  |    gnome lord    |
                  |                  |
                  |                  |
                  |       2026       |
                 *|     *  *  *      | *
        _________)/\\_//(\/(/\)/\//\/|_)_______

Aloha GdeVolpiano the Tourist...

You died in The Gnomish Mines on dungeon level 6 with 3515 points,
and 1543 pieces of gold, after 5106 moves.
You were level 6 with a maximum of 43 hit points when you died.

